 Dungeon Crawl Stone Soup version 0.30-b1-2-g02819fbbbe (webtiles) character file.

Game seed: 10065636916478324163

20317 LLlMATKO the Cleaver (level 12, -7/112 HPs)
             Began as a Minotaur Berserker on Nov 29, 2023.
             Was an Elder of Trog.
             Mangled by a 16-headed hydra (11 damage)
             ... on level 2 of the Lair of Beasts.
             The game lasted 00:12:04 (9787 turns).

LLlMATKO the Cleaver (Minotaur Berserker)           Turns: 9787, Time: 00:12:04

Health: -7/112     AC: 17    Str: 30    XL:     12   Next: 44%
Magic:  11/11      EV: 11    Int:  4    God:    Trog [****..]
Gold:   888        SH: 10    Dex: 11    Spells: 11/11 levels left

rFire   + . .        P - +0 war axe (spect)
rCold   + + .        L - +0 kite shield
rNeg    . . .        D - +0 plate armour
rPois   .            C - +2 hat
rElec   .            G - scarf {rC+ rF+}
rCorr   .            (no gloves)
SInv    +            (no boots)
Will    .....        f - amulet of the acrobat Stlth
                     q - ring "Oxesollo" {Str+4 SInv}
HPRegen 0.38/turn    R - ring of protection from cold
MPRegen 0.12/turn

%: acrobat
@: on berserk cooldown
A: horns 2, retaliatory headbutt
a: Renounce Religion, Berserk, Trog's Hand, Brothers in Arms


You were on level 2 of the Lair of Beasts.
You worshipped Trog.
Trog was greatly pleased with you.
You visited 2 branches of the dungeon, and saw 11 of its levels.
You also visited: Gauntlet.

You collected 888 gold pieces.

Inventory:

Hand Weapons
 a - a +0 hand axe
 P - a +0 spectral war axe (weapon)
Missiles
 b - 11 poisoned darts (quivered)
 u - 7 curare-tipped darts
 S - 2 datura-tipped darts
 U - 7 javelins
Armour
 C - a +2 hat (worn)
 D - a +0 plate armour (worn)
 G - a scarf of resistance (worn)
 L - a +0 kite shield (worn)
Jewellery
 f - an amulet of the acrobat (around neck)
 q - the ring "Oxesollo" (left hand) {Str+4 SInv}
   (You found it in a Gauntlet)

   [ring of see invisible]

   Str:       It affects your strength (+4).
   SInv:      It lets you see invisible.
 r - the ring of Seheestio {rPois rF+ rC+ Str+5}
   (You took it off a minotaur in a Gauntlet)

   [ring of protection from cold]

   Str:       It affects your strength (+5).
   rF:        It protects you from fire.
   rC:        It protects you from cold.
   rPois:     It protects you from poison.
 v - a ring of protection from cold
 A - a ring of resist corrosion
 R - a ring of protection from cold (right hand)
 T - an amulet of regeneration
Wands
 w - a wand of mindburst (13)
 y - a wand of roots (14)
 M - a wand of paralysis (15)
 Q - a wand of flame (20)
 V - a wand of polymorph (4)
Scrolls
 c - a scroll of silence
 h - 2 scrolls of torment
 k - 2 scrolls of brand weapon
 l - 8 scrolls of identify
 m - 4 scrolls of teleportation
 p - a scroll of fear
 s - 3 scrolls of enchant armour
 x - a scroll of noise {unknown}
 I - 2 scrolls of summoning {unknown}
 K - 3 scrolls of vulnerability {unknown}
 N - a scroll of poison {unknown}
 O - a scroll of fog {unknown}
Potions
 d - a potion of berserk rage {unknown}
 e - 3 potions of mutation {unknown}
 g - 3 potions of lignification {unknown}
 i - 4 potions of heal wounds {unknown}
 j - 7 potions of curing
 n - a potion of attraction {unknown}
 o - 5 potions of brilliance {unknown}
 t - 3 potions of haste
 z - a potion of magic {unknown}
 B - a potion of ambrosia {unknown}
 E - a potion of cancellation {unknown}
 F - a potion of flight {unknown}
 H - a potion of resistance
 J - a potion of might {unknown}


   Skills:
 + Level 12.2 Fighting
 + Level 12.2 Axes
 + Level 11.8 Armour
 + Level 10.9 Dodging
 + Level 9.3 Shields


You had 11 spell levels left.
You didn't know any spells.
Your spell library was empty.

Dungeon Overview and Level Annotations

Branches:
Dungeon (9/15)             Temple (0/1) D:7            Lair (2/5) D:8
  Snake (0/4) Lair:2          Orc (0/2) D:9         Gauntlet (visited)
  Swamp: Lair:2-3    Shoals: Lair:2-3

Altars:
Ashenzari
Cheibriados
Dithmenos
Gozag
Hepliaklqana
Nemelex Xobeh
Qazlal
Ru
Trog
Xom
Yredelemnul
Zin
The Shining One

Shops:
D:9 =

Annotations:
D:7 3 runed translucent doors, Killmatronix's ghost, novice MiSu


Innate Abilities, Weirdness & Mutations

You have a pair of horns on your head.
You reflexively headbutt those who attack you in melee.


Message History

* * * LOW HITPOINT WARNING * * *
The 14-headed hydra bites you but does no damage.
The 14-headed hydra barely misses you. The 14-headed hydra closely misses you.
The 14-headed hydra bites you.
* * * LOW HITPOINT WARNING * * *
You barely miss the 14-headed hydra.
The 14-headed hydra is severely wounded.
Your +0 spectral war axe hits the 14-headed hydra but does no damage.
The 14-headed hydra misses your +0 spectral war axe.
The 14-headed hydra closely misses your +0 spectral war axe.
The 14-headed hydra bites your +0 spectral war axe.
Your spectral weapon shares its damage with you!
* * * LOW HITPOINT WARNING * * *
The 14-headed hydra bites your +0 spectral war axe!
Your spectral weapon shares its damage with you!
* * * LOW HITPOINT WARNING * * *
The 14-headed hydra closely misses your +0 spectral war axe. x2
The 14-headed hydra bites your +0 spectral war axe but does no damage.
The 14-headed hydra bites your +0 spectral war axe.
Your spectral weapon shares its damage with you!
* * * LOW HITPOINT WARNING * * *
The 14-headed hydra completely misses your +0 spectral war axe.
The 14-headed hydra barely misses your +0 spectral war axe.
The 14-headed hydra bites your +0 spectral war axe!
Your spectral weapon shares its damage with you!
Your +0 spectral war axe disappears.
* * * LOW HITPOINT WARNING * * *
The 14-headed hydra bites you but does no damage.
The 14-headed hydra bites you!
* * * LOW HITPOINT WARNING * * *
The 14-headed hydra bites you but does no damage.
Unknown command.
You lop one of the 14-headed hydra's heads off!
The 13-headed hydra grows two more!
You slash the 15-headed hydra! You headbutt the 15-headed hydra.
The 15-headed hydra is severely wounded.
Your +0 spectral war axe hits the 15-headed hydra.
Your +0 spectral war axe lops one of the 15-headed hydra's heads off!
The 14-headed hydra grows two more!
The 16-headed hydra bites you!
You die...

## .. ..# ..## #..#
..## ##.+.# ###+..#
##......
##.....######.......
#.......##....#
#.....##..##@# #
#....'...##(D......
#####....########......
##........# ......
.†...P....# .....
##..##+...# +)### ###.#
.#### .. # ####. .# #
#.


You could see a 16-headed hydra and a friendly +0 spectral war axe.

Vanquished Creatures
  A minotaur (Gauntlet)
  A hell beast (Gauntlet)
  3 death yaks (Lair:1)
  2 wizards (Gauntlet)
  An obsidian statue (Gauntlet)
  An orange crystal statue (D:8)
  Pikel (D:5)
  Joseph (D:8)
  5 black mambas (Lair:2)
  A smoke demon (Gauntlet)
  An eye of devastation (Gauntlet)
  An ice statue (D:8)
  A cane toad (Lair:1)
  An unseen horror (D:8)
  A rime drake (Lair:1)
  3 komodo dragons
  A red devil (Gauntlet)
  A hornet (D:9)
  A troll (D:9)
  5 blink frogs (Lair:2)
  4 wyverns
  2 basilisks (D:8)
  15 yaks
  Menkaure (D:5)
  Duvessa (D:5)
  9 water moccasins
  A floating eye (Gauntlet)
  A sky beast (D:8)
  4 orc warriors
  An ice beast (D:7)
  8 black bears
  An ogre (D:5)
  4 wolves (Lair:2)
  2 centaurs
  A lemure (D:5)
  3 phantoms
  4 kobold brigands
  2 bullfrogs
  5 scorpions
  Dowan (D:5)
  6 killer bees (D:9)
  3 howler monkeys
  4 crimson imps (Gauntlet)
  5 hounds
  2 gnoll boudas (D:6)
  5 orc priests
  Crazy Yiuf (D:5)
  A sleepcap (D:6)
  Jessica (D:2)
  6 iguanas
  Ijyb (D:4)
  Natasha (thrice) (D:4)
  8 orc wizards
  7 gnolls (D:6)
  2 adders
  3 shadow imps
  8 white imps
  An ufetubus (D:4)
  2 worms
  5 dart slugs
  56 orcs
  6 endoplasms
  5 giant cockroaches
  8 goblins
  11 hobgoblins
  2 jackals (D:4)
  21 kobolds
  2 quokkas
  7 ball pythons
  8 bats
  2 frilled lizards (D:2)
  5 rats
310 creatures vanquished.

Vanquished Creatures (collateral kills)
  Maurice (D:9)
1 creature vanquished.

Vanquished Creatures (others)
  7 fungi
  16 plants
  A spectral weapon (Lair:2)
24 creatures vanquished.

Grand Total: 335 creatures vanquished

Notes
Turn   | Place    | Note
-------+----------+-------------------------------------------
     0 | D:1      | LLlMATKO the Minotaur Berserker began the quest for the
                  | Orb.
     0 | D:1      | Reached XP level 1. HP: 19/19 MP: 0/0
   157 | D:1      | Reached XP level 2. HP: 25/27 MP: 1/1
   695 | D:2      | Reached XP level 3. HP: 24/33 MP: 2/2
   733 | D:2      | Found a shimmering altar of Xom.
   933 | D:2      | Noticed Jessica
   937 | D:2      | Reached ** piety under Trog
   947 | D:2      | Killed Jessica
  1197 | D:2      | Reached XP level 4. HP: 40/40 MP: 3/3
  1738 | D:3      | Reached XP level 5. HP: 26/47 MP: 4/4
  2188 | D:4      | Found a stormy altar of Qazlal.
  2209 | D:4      | Noticed Natasha
  2214 | D:4      | Killed Natasha
  2230 | D:4      | Noticed a phantom
  2232 | D:4      | Noticed Ijyb
  2240 | D:4      | Killed Ijyb
  2241 | D:4      | Reached skill level 5 in Axes
  2241 | D:4      | Killed a phantom
  2242 | D:4      | Reached skill level 5 in Fighting
  2242 | D:4      | Reached XP level 6. HP: 31/56 MP: 5/5
  2589 | D:4      | Reached *** piety under Trog
  2803 | D:4      | Noticed Natasha
  2814 | D:4      | Killed Natasha
  2821 | D:4      | Noticed Natasha
  2828 | D:4      | Killed Natasha
  2923 | D:4      | Found a glowing golden altar of the Shining One.
  3057 | D:5      | Entered Level 5 of the Dungeon
  3057 | D:5      | Noticed Duvessa
  3057 | D:5      | Noticed a water moccasin
  3058 | D:5      | Noticed Dowan
  3068 | D:5      | Killed a water moccasin
  3069 | D:5      | Reached skill level 5 in Armour
  3069 | D:5      | Reached XP level 7. HP: 62/62 MP: 6/6
  3075 | D:5      | Killed Duvessa
  3174 | D:5      | Killed Dowan
  3175 | D:5      | Reached skill level 5 in Dodging
  3388 | D:5      | Found a hazy altar of Hepliaklqana.
  3395 | D:5      | Noticed Menkaure
  3430 | D:5      | Killed Menkaure
  3431 | D:5      | Reached XP level 8. HP: 71/71 MP: 7/7
  3496 | D:5      | Found a runed translucent door.
  3497 | D:5      | Noticed Crazy Yiuf
  3563 | D:5      | Noticed Pikel
  3570 | D:5      | Killed Pikel
  3827 | D:5      | Killed Crazy Yiuf
  4176 | D:6      | Reached XP level 9. HP: 81/81 MP: 8/8
  4180 | D:6      | Reached skill level 1 in Shields
  4568 | D:7      | Found a broken altar of Ashenzari.
  4597 | D:7      | Found a snail-covered altar of Cheibriados.
  4649 | D:7      | Paralysed by an orc for 5 turns
  4750 | D:7      | Found a staircase to the Ecumenical Temple.
  4938 | D:7      | Found a shadowy altar of Dithmenos.
  5068 | D:7      | Found a runed translucent gate.
  5068 | D:7      | Found a runed translucent gate.
  5068 | D:7      | Found a runed translucent gate.
  5072 | D:7      | Identified the +4 plate armour of Momo {rElec Str-4 Dex+10
                  | Stlth-}
  5075 | D:7      | Found a basalt altar of Yredelemnul.
  5092 | D:7      | Noticed Killmatronix's ghost (novice MiSu)
  5146 | D:7      | Reached **** piety under Trog
  5290 | D:7      | Found a sparkling altar of Nemelex Xobeh.
  5501 | D:8      | Found a bloodstained altar of Trog.
  5677 | D:8      | Reached XP level 10. HP: 91/91 MP: 9/9
  5763 | D:8      | Found a staircase to the Lair.
  5829 | D:8      | Reached skill level 5 in Shields
  5899 | D:8      | Noticed Joseph
  5910 | D:8      | Killed Joseph
  5958 | D:8      | Noticed an ice statue
  6366 | D:8      | Noticed an orange crystal statue
  6681 | D:8      | Killed an orange crystal statue
  6682 | D:8      | Reached skill level 10 in Fighting
  6682 | D:8      | Reached skill level 10 in Axes
  6802 | D:8      | Killed an ice statue
  6961 | D:9      | Found Yvaiwk's Jewellery Shoppe.
  6968 | D:9      | Paralysed by a hornet for 2 turns
  7294 | D:9      | Noticed Maurice
  7304 | D:9      | Killed Maurice
  7305 | D:9      | Reached skill level 10 in Armour
  7305 | D:9      | Reached XP level 11. HP: 46/101 MP: 10/10
  7450 | D:9      | Found a glowing silver altar of Zin.
  7450 | D:9      | Found a sacrificial altar of Ru.
  7638 | D:9      | Found a staircase to the Orcish Mines.
  7672 | D:9      | Found an opulent altar of Gozag.
  7887 | Lair:1   | Entered Level 1 of the Lair of Beasts
  8023 | Lair:1   | Found a gate leading to a gauntlet.
  8033 | Gauntlet | Entered a Gauntlet
  8033 | Gauntlet | Found a transporter.
  8125 | Gauntlet | Found a transporter.
  8128 | Gauntlet | Found a transporter.
  8129 | Gauntlet | Found a transporter.
  8137 | Gauntlet | Found a transporter.
  8140 | Gauntlet | Found a transporter.
  8141 | Gauntlet | Found a transporter.
  8149 | Gauntlet | Found a transporter.
  8152 | Gauntlet | Found a transporter.
  8153 | Gauntlet | Found a transporter.
  8156 | Gauntlet | Noticed a hell beast
  8159 | Gauntlet | Found a runed translucent gate.
  8159 | Gauntlet | Found a runed translucent gate.
  8161 | Gauntlet | Found a runed translucent gate.
  8161 | Gauntlet | Found a transporter.
  8164 | Gauntlet | Found a transporter.
  8165 | Gauntlet | Found a transporter.
  8172 | Gauntlet | Noticed a wizard
  8173 | Gauntlet | Noticed a wizard
  8173 | Gauntlet | Found a transporter.
  8214 | Gauntlet | Noticed an obsidian statue
  8262 | Gauntlet | Paralysed by a floating eye for 2 turns
  8351 | Gauntlet | Noticed a soul eater
  8367 | Gauntlet | Noticed a sun demon
  8368 | Gauntlet | Killed an obsidian statue
  8391 | Gauntlet | Identified the ring "Oxesollo" {Str+4 SInv}
  8418 | Gauntlet | Killed a hell beast
  8467 | Gauntlet | Killed a wizard
  8471 | Gauntlet | Killed a wizard
  8597 | Gauntlet | Identified the ring of Seheestio {rPois rF+ rC+ Str+5}
  8597 | Gauntlet | Noticed a minotaur
  8651 | Gauntlet | Killed a minotaur
  8652 | Gauntlet | Reached skill level 10 in Dodging
  8654 | Gauntlet | Identified the staff of poison "Maiter" {rPois Dex+3
                  | Stlth+}
  8654 | Gauntlet | Identified the staff of earth "Juopt" {*Slow rElec rF+++
                  | Dex+4}
  9231 | Lair:1   | Noticed a death yak
  9231 | Lair:1   | Noticed a death yak
  9232 | Lair:1   | Noticed a death yak
  9239 | Lair:1   | Killed a death yak
  9239 | Lair:1   | Killed a death yak
  9240 | Lair:1   | Reached XP level 12. HP: 110/110 MP: 11/11
  9241 | Lair:1   | Killed a death yak
  9734 | Lair:2   | Found a staircase to the Snake Pit.
  9780 | Lair:2   | Noticed an eight-headed hydra
  9786 | Lair:2   | HP: 4/112 [14-headed hydra (8)]
  9787 | Lair:2   | Mangled by a 16-headed hydra

Illustrated notes

Levels and vault maps discovered:
D:1:      dpeg_arrival_castle, layout_rooms, hangedman_decor_lopped, hex_tiny
D:2:      layout_loops_corners, basic_altar, minmay_tiny_reverse_x, uniq_jessica
D:3:      layout_rooms, nicolae_underground_beach
D:4:      layout_gridville, nicolae_qazlal_general_emergency,
          lemuel_doored_altar, uniq_ijyb, uniq_natasha
D:5:      layout_gridville, mainiacjoe_overflow_cross_hatched,
          amcnicky_mini_corridor_feature, uniq_menkaure,
          uniq_crazy_yiuf_cottage, uniq_pikel, uniq_duvessa
D:6:      layout_rooms
D:7:      layout_gridville, evilmike_ruin_ashenzari, grunt_dithmenos_shadows,
          nemelex_diamond_rough_becter, mainiacjoe_overflow_catwalk_spiral,
          minmay_temple_entry_arrows, biasface_ghost_orc_armoury
D:8:      minmay_separated_statues, layout_loops_ring, trog_ov_bears_minmay,
          minmay_lair_entry_grove, special_room [special_room_orc],
          corner_web_ring, uniq_joseph
D:9:      layout_gridville, kennysheep_little_box,
          gammafunk_temple_overflow_pools, serial_shops, nicolae_stop_n_shop_1,
          hangedman_decor_peaks_small, minmay_fractal_squares_diagonal_5,
          uniq_maurice
Lair:1:   layout_regular_city, gauntlet_entry_generic, serial_bayou_shore_b,
          serial_bayou_shore_b, grunt_megastairs_5
Lair:2:   layout_roguey, elwin_shoals_entry_rocks,
          minmay_snake_entry_six_corridors, nicolae_volcano_entry_two_sided

Skill      XL: |  1  2  3  4  5  6  7  8  9 10 11 12 |
---------------+-------------------------------------+-----
Axes           | 4 5 6 7 9 10 11 12 | 12.2
Fighting       | 4 5 6 7 9 10 11 12 | 12.2
Armour         | 3 4 5 6 7 8 10 11 | 11.8
Dodging        | 3 4 5 6 7 9 10 | 10.9
Shields        | 4 6 8 9 |  9.3

Action                     |  1- 3 |  4- 6 |  7- 9 | 10-12 || total
---------------------------+-------+-------+-------+-------++-------
  Melee: Hand axe          |    68 |   133 |   177 |       ||   378
         Headbutt          |     8 |    26 |    40 |    70 ||   144
         War axe           |       |       |    26 |   353 ||   379
  Throw: Dart              |       |     2 |       |     1 ||     3
 Invoke: Berserk           |       |     4 |     9 |    13 ||    26
         Trog's Hand       |       |       |       |     8 ||     8
         Brothers in Arms  |       |       |       |     1 ||     1
    Use: Scroll            |       |       |       |    10 ||    10
   Stab: Sleeping          |     1 |     2 |       |       ||     3
         Distracted        |       |       |       |     2 ||     2
 Armour: Animal skin       |     9 |    10 |       |       ||    19
         Chain mail        |       |    37 |       |       ||    37
         Plate armour      |       |     7 |   144 |   148 ||   299
  Dodge: Dodged            |    54 |    72 |   108 |   150 ||   384
  Block: Kite shield       |       |       |    48 |   172 ||   220
